Map: [ESL] Data-C

Players

Vindicta

  • Race: Terran Terran
  • Spawn Location: 3:00

MaNa - Winner!

  • Race: Protoss Protoss
  • Spawn Location: 9:00

Event: DreamHack SC2 Masters 2022 Valencia

VOD

Have the link to the VOD?

Description

Time

  • Played on: July 1, 2022, 9:55 a.m.
  • Length: 5:45

All games in this series

Show
View Real Time Build Order
Export as new Build Order

Vindicta Terran 

Build Orders:  

Get SALT Encoding   

  12  0:00  SCV  
  13  0:12  SCV  
  14  0:17  Supply Depot  
  14  0:24  SCV  
  15  0:39  SCV  
  15  0:41  Barracks  
  16  0:44  Refinery  
  16  0:51  SCV  
  17  1:04  SCV  
  18  1:16  SCV  
  19  1:29  Marine  
  19  1:30  Orbital Command  
  20  1:44  Command Center  
  20  1:48  Reaper  
  21  1:59  SCV  
  21  2:00  Supply Depot  
  22  2:11  SCV  
  22  2:15  Factory  
  23  2:22  Barracks Reactor  
  23  2:26  Bunker, SCV  
  24  2:31  Refinery  
  24  2:38  SCV  
  25  2:51  SCV  
  26  2:56  Orbital Command  
  26  2:59  Marine x2  
  26  3:03  SCV  
  29  3:06  Widow Mine  
  30  3:16  Marine  
  30  3:17  Marine, Starport  
  30  3:18  SCV  
  33  3:23  SCV  
  34  3:30  SCV  
  34  3:32  Widow Mine  
  37  3:34  Marine  
  37  3:35  SCV  
  37  3:36  Marine  
  40  3:44  SCV  
  40  3:50  SCV, Supply Depot  
  40  3:52  Marine  
  40  3:53  Marine, Medivac  
  45  3:59  Factory Tech Lab  
  45  4:01  SCV  
  45  4:02  Barracks  
  46  4:07  Supply Depot  
  46  4:12  SCV  
  46  4:15  Supply Depot, Marine x2  
  49  4:18  SCV  
  50  4:24  SCV  
  50  4:29  Factory Tech Lab  
  50  4:30  Raven, SCV  
  54  4:36  Marine x2  
  56  4:40  Barracks  
  56  4:42  SCV  
  56  4:44  SCV  
  58  4:51  Engineering Bay  
  58  4:55  SCV  
  58  4:56  Refinery  
  58  4:57  SCV  
  60  5:00  Factory Reactor  
  60  5:04  Marine x2  
  60  5:05  Marine  
  45  5:22  Marine x2  
  45  5:23  Marauder  
Show
View Real Time Build Order
Export as new Build Order

MaNa Protoss - Winner!

Build Orders: 1 Gate Expand, Blink Stalkers 

Get SALT Encoding   

  12  0:00  Probe  
  13  0:12  Probe  
  14  0:17  Pylon  
  14  0:24  Probe (Chrono Boost)  
  15  0:36  Probe (Chrono Boost)  
  15  0:37  Gateway  
  16  0:44  Probe (Chrono Boost)  
  16  0:47  Assimilator  
  17  0:51  Probe  
  18  1:03  Probe  
  19  1:15  Probe  
  20  1:24  Cybernetics Core  
  20  1:34  Nexus  
  20  1:41  Pylon  
  20  1:45  Probe  
  21  1:52  Assimilator  
  21  1:57  Probe  
  21  1:58  Adept (Chrono Boost)  
  24  2:05  Warp Gate  
  24  2:09  Probe  
  25  2:21  Probe  
  25  2:22  Stalker  
  28  2:33  Probe, Twilight Council  
  29  2:47  Probe (Chrono Boost)  
  29  2:48  Probe (Chrono Boost)  
  31  2:57  Probe (Chrono Boost)  
  31  2:58  Probe (Chrono Boost)  
  33  3:02  Probe (Chrono Boost)  
  33  3:04  Probe  
  34  3:09  Robotics Facility  
  34  3:12  Blink (Chrono Boost)  
  35  3:13  Probe  
  35  3:18  Probe  
  37  3:25  Probe  
  38  3:27  Gateway  
  38  3:31  Probe  
  38  3:37  Probe  
  39  3:43  Probe  
  40  3:49  Probe  
  40  3:53  Stalker, Warp Prism (Chrono Boost)  
  40  3:55  Probe  
  44  4:00  Pylon  
  46  4:07  Gateway x2  
  46  4:18  Probe  
  46  4:21  Stalker x2  
  46  4:22  Observer  
  52  4:25  Pylon  
  52  4:26  Probe  
  52  4:30  Probe  
  54  4:32  Pylon  
  54  4:33  Assimilator  
  54  4:43  Pylon  
  54  4:45  Stalker x2  
  58  4:46  Probe x2  
  60  4:58  Probe  
  61  5:06  Stalker x2  
  65  5:08  Stalker x2  
  69  5:21  Probe x2  
  67  5:32  Zealot x4  

Tags
 
Add a new tag
Caveats
  • Supply blocks, unpowered buildings, or Contaminate may cause inaccurate times.
  • Supply counts are checked every 10 seconds.